 Dungeon Crawl Stone Soup version 0.29.1-4-g47bece8355 (webtiles) character file.

Game seed: 13218503362908100474

672 PhantomBowie the Trooper (level 7, -13/44 HPs)
             Began as a Gargoyle Berserker on Dec 6, 2022.
             Was a Priest of Trog.
             Mangled by an orc warrior
             ... wielding a +2 trident of freezing
              (15 damage)
             ... on level 5 of the Dungeon.
             The game lasted 00:15:22 (5845 turns).

PhantomBowie the Trooper (Gargoyle Berserker)       Turns: 5845, Time: 00:15:22

Health: -13/44     AC: 18    Str: 22    XL:     7   Next: 58%
Magic:  7/7        EV:  9    Int:  8    God:    Trog [***...]
Gold:   155        SH:  0    Dex:  9    Spells: 6/6 levels left

rFire   . . .      SeeInvis .   f - +1 flail (protect)
rCold   . . .      Faith    .   (no shield)
rNeg    + . .      Spirit   .   l - +0 chain mail
rPois   ∞          Reflect  .   (no helmet)
rElec   +          Harm     .   (no cloak)
rCorr   .          Rampage  .   b - +1 pair of gloves
Will    .....                   j - +0 pair of boots
Stlth   ..........              (no amulet)
HPRegen 0.14/turn               (no ring)
MPRegen 0.10/turn               (no ring)

@: on berserk cooldown, slowed, very slow
A: sickness immunity, AC +4, negative energy resistance 1, electricity
resistance, torment resistance 1, petrification resistance
a: Renounce Religion, Berserk, Trog's Hand


You were on level 5 of the Dungeon.
You worshipped Trog.
Trog was most pleased with you.
You visited 1 branch of the dungeon, and saw 5 of its levels.

You collected 155 gold pieces.

Inventory:

Hand Weapons
 f - a +1 flail of protection (weapon)
Armour
 b - a +1 pair of gloves (worn)
 j - a +0 pair of boots (worn)
 l - a +0 chain mail (worn)
Wands
 e - a wand of roots (5)
Scrolls
 c - a scroll of brand weapon {unknown}
 i - a scroll of noise {unknown}
 k - 3 scrolls of teleportation {unknown}
 o - a scroll of silence {unknown}
 p - a scroll of vulnerability {unknown}
Potions
 d - a potion of resistance {unknown}
 g - a potion of ambrosia {unknown}
 h - 3 potions of heal wounds
 m - 3 potions of attraction
 n - a potion of curing {unknown}
 q - a potion of might {unknown}
 r - 2 potions of mutation
 s - a potion of magic {unknown}


   Skills:
 + Level 5.5 Fighting
 + Level 4.9 Maces & Flails
 + Level 4.8 Armour
 + Level 3.6 Dodging


You had 6 spell levels left.
You didn't know any spells.
Your spell library was empty.

Dungeon Overview and Level Annotations

Branches:
Dungeon (5/15)
 Temple: D:4-7

Altars:
Vehumet

Annotations:
D:4 3 runed translucent doors, Jingleheimer's ghost, amateur DsGl
D:5 Pikel


Innate Abilities, Weirdness & Mutations

You are immune to sickness and miasma.
Your stone body is resilient. (AC +4)
You are immune to poison.
You resist negative energy. (rN+)
You are resistant to electric shocks. (rElec)
You are resistant to unholy torment.
You are immune to petrification.


Message History

The orc warrior hits you with a +2 trident of freezing.
The orc warrior freezes you.
You barely miss the orc warrior.
The orc warrior is severely wounded.
You are no longer berserk.
You are exhausted.
You feel yourself slow down. The orc warrior closely misses you.
You thump the orc warrior!
The orc warrior is almost dead.
The orc warrior hits you with a +2 trident of freezing.
The orc warrior freezes you.
The orc warrior hits you with a +2 trident of freezing!
The orc warrior freezes you.
* * * LOW HITPOINT WARNING * * *
You hit the orc warrior but do no damage.
The orc warrior is almost dead.
The orc warrior closely misses you.
You closely miss the orc warrior.
The orc warrior is almost dead.
The orc warrior hits you with a +2 trident of freezing.
* * * LOW HITPOINT WARNING * * *
The orc warrior freezes you.
* * * LOW HITPOINT WARNING * * *
The orc warrior closely misses you.
You hit the orc warrior but do no damage.
The orc warrior is almost dead.
The orc warrior hits you with a +2 trident of freezing.
* * * LOW HITPOINT WARNING * * *
The orc warrior freezes you.
* * * LOW HITPOINT WARNING * * *
The orc warrior barely misses you.
You barely miss the orc warrior.
The orc warrior is almost dead.
The gnoll sergeant shouts!
You hear a shout!
The orc warrior barely misses you.
The orc warrior hits you but does no damage.
You closely miss the orc warrior.
The orc warrior is almost dead.
The orc warrior hits you with a +2 trident of freezing!
You die...

##.........
.......
##.......
###........
..........
###.........
#..<........
###††.......
#.@...g...
#.o.......
#.#.......
..#.......
####.......
.......
.......
.).....


You could see an orc warrior and a gnoll sergeant.

Vanquished Creatures
  Menkaure (D:4)
  A black bear (D:5)
  3 lemures (D:4)
  A scorpion (D:4)
  A hound (D:4)
  An iguana (D:5)
  4 orc wizards
  9 gnolls
  8 adders
  An ufetubus (D:4)
  3 dart slugs (D:1)
  2 orcs (D:4)
  7 endoplasms
  2 giant cockroaches
  17 goblins
  13 hobgoblins
  6 jackals (D:3)
  4 quokkas
  13 ball pythons
  3 bats
  6 frilled lizards
  14 kobolds
  4 rats
124 creatures vanquished.

Vanquished Creatures (others)
  3 plants (D:4)
3 creatures vanquished.

Grand Total: 127 creatures vanquished

Notes
Turn   | Place    | Note
-------+----------+-------------------------------------------
     0 | D:1      | PhantomBowie the Gargoyle Berserker began the quest for the
                  | Orb.
     0 | D:1      | Reached XP level 1. HP: 14/14 MP: 1/1
   296 | D:1      | Reached XP level 2. HP: 14/19 MP: 2/2
   874 | D:1      | Reached XP level 3. HP: 20/23 MP: 3/3
  1017 | D:1      | Reached ** piety under Trog
  1588 | D:2      | Reached XP level 4. HP: 28/29 MP: 4/4
  1778 | D:2      | Reached skill level 4 in Fighting
  2532 | D:3      | Reached XP level 5. HP: 31/33 MP: 5/5
  2784 | D:3      | Reached *** piety under Trog
  3651 | D:4      | Identified the +2 robe of Absence {Contam Dex+6}
  3665 | D:4      | Reached XP level 6. HP: 23/39 MP: 6/6
  3911 | D:4      | Found a runed translucent gate.
  3912 | D:4      | Found a runed translucent gate.
  3912 | D:4      | Found a runed translucent gate.
  3913 | D:4      | Noticed Jingleheimer's ghost (amateur DsGl)
  3914 | D:4      | Identified the +6 whip of the Elven Halls {vorpal, rN+
                  | Int+6 Stlth-}
  4271 | D:4      | Found a radiant altar of Vehumet.
  4544 | D:5      | Entered Level 5 of the Dungeon
  4544 | D:5      | Noticed Pikel
  4592 | D:5      | Noticed a black bear
  4855 | D:5      | Noticed an orc warrior
  5540 | D:4      | Reached skill level 5 in Fighting
  5636 | D:5      | Noticed Menkaure
  5644 | D:4      | Killed Menkaure
  5645 | D:4      | Reached XP level 7. HP: 43/44 MP: 7/7
  5843 | D:5      | HP: 2/44 [orc warrior/+2 trident of freezing (1)]
  5845 | D:5      | Mangled by an orc warrior

Illustrated notes

Levels and vault maps discovered:
D:1:      minmay_arrival_four_circles, layout_basic, minmay_tromino_v4_a
D:2:      minmay_recursive_quarters, layout_basic
D:3:      layout_loops_ring, minmay_goblin_outpost
D:4:      layout_basic, mainiacjoe_overflow_surrounded_room,
          biasface_ghost_orc_armoury, nicolae_grassy_gnolls
D:5:      layout_basic, mainiacjoe_overflow_swirl, wad_floor_pattern_1,
          uniq_menkaure, uniq_duvessa, uniq_pikel

Skill      XL: |  1  2  3  4  5  6 |
---------------+-------------------+-----
Dodging        | 2 3 |  3.6
Armour         | 3 4 |  4.8
Fighting       | 4 5 |  5.5
Maces & Flails | 4 |  4.9

Action                   |  1- 3 |  4- 6 |  7- 9 || total
-------------------------+-------+-------+-------++-------
Melee: Mace              |   121 |   245 |       ||   366
       Punch             |     1 |     3 |       ||     4
       Flail             |       |    65 |    33 ||    98
Invok: Berserk           |       |     4 |     1 ||     5
  Use: Scroll            |       |     4 |       ||     4
Armor: Animal skin       |    24 |       |       ||    24
       Chain mail        |    31 |   247 |    24 ||   302
Dodge: Dodged            |    68 |   151 |    13 ||   232
